Map: Lightshade LE

Players

BananaTerran

  • Race: Terran Terran
  • League: Master
  • Spawn Location: 5:00

Nordres - Winner!

  • Race: Zerg Zerg
  • League: Master
  • Spawn Location: 11:00

VOD

Have the link to the VOD?

Description

Time

  • Played on: Feb. 2, 2021, 6:21 p.m.
  • Length: 27:58
Show
View Real Time Build Order
Export as new Build Order

BananaTerran Terran 

Build Orders: Reaper Expand, Hellion Banshee, Mech 

Get SALT Encoding   

  12  0:00  SCV  
  13  0:12  SCV  
  14  0:17  Supply Depot  
  14  0:24  SCV  
  15  0:39  SCV  
  15  0:40  Barracks  
  16  0:43  Refinery  
  16  0:51  SCV  
  17  1:03  SCV  
  18  1:15  SCV  
  19  1:28  Reaper, Orbital Command  
  20  1:42  Command Center  
  20  1:52  Supply Depot  
  20  1:55  SCV  
  20  2:00  Marine  
  22  2:05  Refinery  
  22  2:07  SCV  
  23  2:18  Factory  
  23  2:19  SCV  
  24  2:23  Barracks Reactor  
  24  2:31  SCV  
  25  2:43  SCV  
  26  2:55  Orbital Command, SCV  
  27  3:05  Starport  
  27  3:07  SCV  
  27  3:10  Hellion x2  
  32  3:14  Barracks Tech Lab  
  32  3:19  SCV  
  33  3:21  SCV  
  33  3:22  Supply Depot  
  34  3:32  Hellion x2, SCV  
  34  3:34  SCV  
  40  3:44  SCV  
  40  3:46  Supply Depot, SCV  
  42  3:56  Banshee, Hellion x2  
  42  4:01  SCV x2  
  51  4:15  SCV  
  51  4:16  Armory, SCV  
  53  4:17  Hellion x2  
  53  4:22  Supply Depot  
  53  4:23  Supply Depot  
  57  4:44  Hellion  
  57  4:45  SCV x2  
  64  4:52  Command Center  
  64  5:00  SCV x2  
  64  5:01  Refinery x2  
  64  5:03  Supply Depot  
  66  5:10  Hellion x2  
  67  5:19  Terran Vehicle Weapons Level 1  
  67  5:21  Starport Tech Lab  
  67  5:22  Factory  
  67  5:25  Factory  
  67  5:35  Hellion, SCV x2  
  73  5:36  Hellion  
  73  5:40  Factory  
  73  5:41  Engineering Bay  
  73  5:42  Factory  
  73  5:49  SCV x2  
  79  5:57  Hellion x2  
  79  6:00  Starport Reactor  
  79  6:01  SCV x2  
  81  6:07  Orbital Command  
  81  6:13  Armory  
  81  6:17  Siege Tank x2  
  83  6:37  Factory Reactor, Orbital Command, Factory Tech Lab  
  83  6:38  Hellion x2  
  83  6:39  Medivac  
  89  6:40  Medivac  
  89  6:43  Missile Turret  
  89  6:44  Missile Turret  
  91  6:51  Siege Tank x2  
  97  6:56  Supply Depot  
  97  6:57  Supply Depot  
  97  6:58  Supply Depot  
  97  6:59  Supply Depot  
  97  7:07  SCV x3  
  100  7:17  Siege Tank  
  100  7:18  Hellion x3  
  100  7:19  Hellion, SCV  
  112  7:29  Siege Tank x2  
  118  7:31  Terran Vehicle And Ship Armor Level 1  
  118  7:36  Supply Depot  
  118  7:37  Supply Depot  
  118  7:39  Hellion x2, Refinery  
  122  7:45  SCV x3  
  122  7:46  Refinery  
  122  7:49  Supply Depot  
  125  7:54  Supply Depot  
  125  7:58  Siege Tank  
  128  7:59  Hellion x2  
  128  8:01  Siege Tank  
  128  8:18  Siege Tank  
  128  8:19  Hellion x2  
  127  8:20  Hellion x2  
  131  8:30  Siege Tank  
  128  8:52  Siege Tank x2  
  128  8:53  Hellion x3  
  128  8:54  SCV x3, Hellion  
  128  8:55  Command Center  
  139  9:02  Siege Tank  
  108  9:19  Hellion x3  
  98  9:24  Siege Tank  
  98  9:25  Siege Tank  
  98  9:30  SCV x3  
  101  9:34  Siege Tank, Terran Vehicle Weapons Level 2  
  106  9:38  Hellion  
  106  9:40  Hellion x2  
  110  9:48  Terran Vehicle And Ship Armor Level 2  
  110  9:52  SCV x3  
  113  9:57  Sensor Tower  
  113  10:05  SCV x3  
  116  10:12  Siege Tank x2  
  116  10:13  Siege Tank  
  127  10:14  Hellion  
  127  10:15  Hellion  
  127  10:17  SCV x3  
  132  10:38  Hellion x4  
  132  10:39  SCV x3  
  132  10:41  Planetary Fortress  
  143  10:44  Siege Tank  
  143  10:45  Siege Tank x2  
  146  11:16  Siege Tank, Hellion x4, Viking x2  
  146  11:17  Siege Tank  
  146  11:18  Siege Tank, SCV x4  
  170  11:20  Refinery  
  170  11:21  Refinery  
  171  11:30  SCV  
  156  11:35  SCV x2  
  156  11:36  SCV  
  156  11:37  Hellion x4  
  159  11:42  SCV  
  159  11:46  Viking x2  
  143  11:54  Siege Tank  
  143  11:55  Siege Tank x2  
  143  11:58  Hellion  
  143  11:59  SCV x3, Hellion x3  
  159  12:23  Hellion  
  159  12:24  Hellion x3, Viking x2  
  159  12:26  Siege Tank  
  159  12:27  Siege Tank x2  
  159  12:28  Hellion x8  
  180  12:36  Command Center  
  180  12:44  SCV x2  
  180  12:45  SCV  
  177  12:58  Hellion x2  
  180  13:12  Hellion x2  
  179  13:15  Siege Tank  
  179  13:17  Siege Tank  
  180  13:20  Hellion, SCV x2  
  180  13:21  Command Center, SCV  
  180  13:26  Hellion  
  180  13:29  Siege Tank  
  177  13:38  SCV x2  
  177  13:39  Missile Turret, SCV  
  180  13:44  Missile Turret  
  180  13:47  Siege Tank  
  173  13:49  Siege Tank  
  173  13:54  Hellion x4  
  173  13:55  Missile Turret  
  177  13:59  Supply Depot  
  177  14:03  Supply Depot  
  177  14:04  Supply Depot  
  177  14:14  Siege Tank  
  166  14:19  Siege Tank  
  166  14:21  Siege Tank  
  166  14:30  Hellion x4  
  158  14:46  Siege Tank  
  158  14:51  Siege Tank  
  164  14:53  Siege Tank  
  165  15:05  Missile Turret x2  
  136  15:07  Hellion x3  
  136  15:08  Missile Turret  
  134  15:18  Siege Tank  
  137  15:22  SCV x3  
  137  15:23  Siege Tank  
  137  15:25  Siege Tank  
  143  15:34  SCV x2  
  144  15:45  Planetary Fortress  
  143  15:50  Siege Tank  
  143  15:55  Siege Tank  
  149  16:13  Missile Turret  
  118  16:27  Orbital Command  
  118  16:28  Siege Tank x2  
  118  16:29  Siege Tank, Hellion x3  
  118  16:30  Hellion  
  121  16:34  SCV x2  
  123  16:46  SCV x2  
  116  16:59  Hellion  
  116  17:00  Siege Tank x2  
  116  17:01  Siege Tank  
  108  17:10  Hellion x3  
  108  17:12  SCV  
  115  17:15  SCV  
  115  17:16  SCV  
  115  17:22  Viking  
  112  17:32  Siege Tank  
  103  17:41  Missile Turret  
  103  17:42  Missile Turret  
  103  17:43  Viking  
  105  17:44  Hellion x2  
  103  18:01  Missile Turret  
  103  18:02  Missile Turret  
  103  18:04  Siege Tank x3  
  105  18:25  Hellion x3  
  111  18:33  Viking  
  113  18:34  SCV  
  113  18:35  SCV x2  
  113  18:36  Siege Tank x2, Orbital Command  
  116  18:59  Siege Tank, Hellion x2  
  123  19:03  SCV  
  123  19:08  Siege Tank x2  
  130  19:14  Viking x2  
  130  19:15  SCV  
  135  19:27  SCV  
  136  19:33  SCV x3  
  139  19:45  SCV x2  
  129  19:51  Missile Turret  
  130  19:56  Missile Turret  
  119  20:00  Missile Turret  
  107  20:16  Siege Tank x3, Hellion x3  
  107  20:17  Hellion  
  124  20:23  Refinery  
  124  20:26  Refinery  
  122  20:37  Hellion  
  122  20:39  Hellion x3  
  122  20:41  SCV  
  131  20:48  Siege Tank  
  130  21:08  Siege Tank x2, Hellion  
  130  21:09  Hellion x3  
  137  21:19  Missile Turret  
  137  21:24  Missile Turret  
  133  21:31  Siege Tank  
  133  21:32  Hellion  
  126  21:36  SCV  
  126  21:38  SCV  
  115  21:40  Siege Tank  
  115  21:42  Viking  
  120  21:48  SCV  
  120  21:53  Viking  
  123  21:55  Hellion  
  123  22:00  SCV  
  126  22:15  Siege Tank x2  
  126  22:28  SCV  
  127  22:34  Viking  
  129  22:40  SCV  
  126  22:52  SCV  
  127  23:00  Command Center  
  127  23:14  Hellion x3  
  133  23:27  Terran Vehicle Weapons Level 3  
  107  24:02  Hellion x4  
  115  24:03  Hellion x2, Viking  
  117  24:16  Hellion  
  119  24:23  Hellion x2  
  119  24:24  Hellion  
  90  24:39  Siege Tank x3, Hellion  
  100  24:45  Viking  
  100  24:52  Hellion x2  
  106  25:10  Hellion x2  
  106  25:11  Hellion x2  
  110  25:28  Hellion  
  110  25:29  Hellion x2, Viking  
  95  25:54  Siege Tank x2  
  95  25:55  Siege Tank, Hellion x2  
  108  26:31  Infernal Pre-Igniter  
  99  26:34  Viking  
  99  26:35  Viking  
  99  26:36  Hellion x2  
  107  26:43  SCV x2  
  109  26:49  Hellion  
  111  26:55  SCV x2  
  111  27:11  Hellion x2  
  111  27:12  Hellion x2  
Show
View Real Time Build Order
Export as new Build Order

Nordres Zerg - Winner!

Build Orders: Hatch First, Lurkers 

Get SALT Encoding   

  12  0:00  Drone  
  13  0:12  Overlord  
  13  0:17  Drone  
  14  0:30  Drone x2  
  16  0:48  Hatchery  
  15  0:52  Drone  
  15  0:55  Drone  
  17  0:59  Drone  
  18  1:10  Extractor  
  17  1:15  Spawning Pool  
  16  1:22  Drone  
  17  1:30  Drone  
  18  1:44  Drone  
  19  1:54  Overlord  
  19  2:01  Queen x2  
  19  2:02  Zergling x4  
  25  2:11  Drone x2  
  27  2:17  Metabolic Boost  
  27  2:33  Hatchery  
  25  2:45  Drone x3  
  25  2:47  Overlord  
  28  2:55  Overlord  
  28  3:00  Drone  
  28  3:01  Drone x2  
  31  3:17  Drone  
  31  3:18  Drone x5  
  37  3:27  Drone  
  38  3:31  Drone  
  39  3:38  Queen  
  39  3:39  Queen  
  39  3:40  Overlord  
  43  3:43  Overlord  
  43  3:47  Queen  
  45  3:49  Zergling x4  
  45  3:51  Extractor  
  45  3:54  Zergling x4  
  48  4:13  Drone x2  
  48  4:14  Drone x4  
  54  4:18  Spore Crawler  
  54  4:20  Spore Crawler  
  54  4:22  Drone x3  
  54  4:23  Overlord, Drone  
  56  4:44  Roach Warren  
  54  4:46  Overlord x2  
  54  4:48  Drone x2  
  56  4:56  Drone x3  
  56  4:57  Drone x4  
  56  4:58  Drone x2  
  56  4:59  Drone x2  
  67  5:06  Zergling x10  
  72  5:10  Lair  
  72  5:12  Extractor, Drone x2  
  73  5:19  Extractor  
  72  5:22  Drone  
  72  5:25  Roach x2  
  72  5:26  Roach x2  
  78  5:37  Roach x5  
  88  5:51  Drone  
  88  5:53  Overlord x2  
  89  5:57  Spore Crawler  
  89  6:02  Drone  
  89  6:05  Overlord x3  
  89  6:06  Hatchery  
  88  6:21  Roach  
  88  6:22  Roach x3  
  96  6:36  Glial Reconstitution  
  96  6:38  Drone  
  96  6:39  Drone  
  98  6:41  Evolution Chamber  
  98  6:42  Drone  
  98  6:43  Hatchery, Drone x4  
  98  6:44  Evolution Chamber  
  98  6:46  Extractor, Drone x5  
  104  6:49  Extractor  
  103  7:08  Drone x6  
  109  7:16  Drone, Infestation Pit  
  109  7:18  Drone  
  109  7:19  Drone  
  109  7:22  Drone x7  
  118  7:23  Drone x3  
  118  7:25  Ravager x5  
  118  7:26  Overlord, Ravager  
  127  7:33  Hatchery  
  126  7:42  Roach x2  
  126  7:43  Overlord x3  
  130  7:55  Spore Crawler  
  130  7:57  Spine Crawler  
  130  7:58  Roach x8  
  130  8:13  Drone x2  
  130  8:14  Drone x3  
  130  8:15  Drone x3  
  130  8:17  Drone x2  
  139  8:20  Hive  
  139  8:25  Spine Crawler  
  138  8:35  Drone  
  138  8:36  Overlord x2, Drone x4  
  138  8:37  Overlord  
  138  8:38  Ravager  
  138  8:39  Ravager x9  
  143  8:55  Zergling x18  
  149  8:57  Hatchery  
  149  8:59  Queen x2  
  146  9:03  Queen  
  134  9:20  Roach x10  
  137  9:29  Hatchery  
  136  9:33  Hydralisk Den  
  136  9:35  Queen  
  137  9:43  Viper x3  
  146  9:49  Drone x4  
  146  9:50  Extractor  
  149  9:54  Extractor  
  148  10:00  Zergling x14  
  148  10:01  Zergling x14  
  148  10:06  Zerg Missile Weapons Level 1, Zerg Melee Weapons Level 1  
  162  10:24  Spore Crawler  
  162  10:27  Spine Crawler  
  162  10:28  Spine Crawler  
  158  10:41  Burrow  
  158  10:56  Lurker Den  
  158  10:57  Muscular Augments  
  155  11:11  Ravager  
  155  11:12  Ravager x7  
  155  11:13  Zergling x12  
  155  11:14  Zergling x16  
  155  11:15  Roach x10  
  155  11:16  Roach  
  171  11:35  Zergling x28  
  171  11:37  Hydralisk x8  
  175  11:59  Hydralisk x7  
  175  12:00  Hydralisk  
  191  12:08  Grooved Spines  
  170  12:16  Hatchery  
  162  12:24  Seismic Spines  
  162  12:26  Zergling x22  
  173  12:39  Hydralisk x7  
  173  12:41  Zergling x20  
  173  12:42  Overlord x2  
  179  13:04  Lurker x3  
  179  13:05  Lurker  
  179  13:19  Zergling x2  
  182  13:20  Zergling x22  
  182  13:21  Adaptive Talons  
  182  13:25  Viper  
  185  13:47  Hatchery  
  168  14:01  Lurker  
  168  14:02  Lurker x4  
  153  14:38  Viper x3  
  137  14:51  Drone x3  
  137  14:52  Drone x6  
  146  14:53  Drone x3  
  148  15:03  Hydralisk x7  
  148  15:04  Hydralisk x3  
  158  15:13  Spore Crawler  
  142  15:16  Spine Crawler  
  142  15:17  Spine Crawler  
  140  15:22  Hydralisk x5  
  140  15:24  Hatchery  
  140  15:25  Hatchery  
  146  15:31  Hydralisk x2  
  145  15:47  Hydralisk  
  145  15:48  Hydralisk, Zergling x8  
  145  15:49  Zergling x2  
  154  16:07  Hydralisk  
  154  16:08  Hydralisk x3  
  162  16:19  Extractor  
  162  16:21  Extractor  
  146  16:32  Hydralisk x3  
  125  16:33  Hydralisk x4  
  136  16:53  Hatchery  
  126  17:03  Hydralisk, Hatchery  
  126  17:04  Zergling x16  
  126  17:06  Lurker x4  
  131  17:14  Drone  
  118  17:36  Hydralisk x8  
  111  17:53  Extractor  
  111  17:57  Lurker x2  
  99  18:14  Lurker  
  99  18:15  Lurker x5  
  93  18:42  Hydralisk x5  
  93  18:43  Zergling x26  
  93  18:46  Viper  
  119  18:50  Zerg Missile Weapons Level 2  
  119  18:53  Zergling x2  
  119  18:54  Zergling x8  
  124  19:17  Hydralisk  
  124  19:18  Hydralisk x4, Zergling x2  
  124  19:19  Zergling x12  
  133  19:26  Drone x7  
  121  19:40  Hydralisk x5  
  121  19:41  Hydralisk  
  132  19:48  Hydralisk x5  
  133  20:05  Hatchery  
  118  20:08  Lurker x2  
  111  20:29  Drone x17  
  111  20:31  Zergling x16, Drone x4  
  111  20:32  Drone x10  
  104  20:50  Hydralisk x7  
  94  21:34  Drone x4  
  94  22:26  Extractor  
  89  22:53  Hatchery  
  89  22:58  Hydralisk x3  
  94  23:10  Lurker  
  94  23:11  Lurker  
  96  23:15  Hydralisk  
  98  23:32  Hydralisk  
  87  23:58  Hydralisk  
  87  23:59  Hydralisk  
  73  24:05  Drone x4  
  73  24:06  Drone x5  
  77  24:40  Hydralisk  
  77  24:41  Hydralisk  
  81  24:47  Drone x6  
  81  24:49  Extractor  
  81  24:50  Extractor  
  85  25:32  Hydralisk x4  
  93  25:49  Hydralisk  
  84  25:50  Hydralisk  
  84  25:51  Zergling x18  
  97  26:13  Hydralisk x3  
  97  26:35  Hydralisk x2  
  97  26:36  Hydralisk  
  103  26:45  Lurker  
  102  27:10  Overseer  
  102  27:13  Hydralisk x2  
  102  27:14  Hatchery  
  94  27:41  Lurker  
  94  27:43  Lurker  
Tags
 
Add a new tag
Caveats
  • Supply blocks, unpowered buildings, or Contaminate may cause inaccurate times.
  • Supply counts are checked every 10 seconds.